 Dungeon Crawl Stone Soup version 0.22.0-32-gbc6daba (webtiles) character file.

115 Lauz the Firebug (level 4, -1/24 HPs)
             Began as a Deep Elf Fire Elementalist on Aug 23, 2018.
             Was an Initiate of Sif Muna.
             Killed from afar by an orc wizard (5 damage)
             ... with a puff of frost
             ... on level 3 of the Dungeon.
             The game lasted 00:16:18 (2458 turns).

Lauz the Firebug (Deep Elf Fire Elementalist)       Turns: 2458, Time: 00:16:19

Health: -1/24      AC:  2    Str:  5    XL:     4   Next: 68%
Magic:  1/12       EV: 13    Int: 21    God:    Sif Muna [......]
Gold:   95         SH:  0    Dex: 15    Spells: 3/11 levels left

rFire    . . .     SeeInvis .   (no weapon)
rCold    . . .     Gourm    .   (no shield)
rNeg     . . .     Faith    .   a - +0 robe
rPois    .         Spirit   .   (no helmet)
rElec    .         Reflect  .   (no cloak)
rCorr    .         Harm     .   (no gloves)
MR       .....                  (no boots)
Stlth    ++........             (no amulet)
HPRegen  0.08/turn              (no ring)
MPRegen  0.13/turn              (no ring)

@: no status effects
A: no striking features
a: Renounce Religion


You were on level 3 of the Dungeon.
You worshipped Sif Muna.
Sif Muna was noncommittal.
You were not hungry.

You visited 1 branch of the dungeon, and saw 3 of its levels.

You collected 95 gold pieces.

Inventory:

Armour
 a - a +0 robe (worn)
Scrolls
 d - 3 scrolls of identify
 e - a scroll of remove curse
 g - a scroll of fear {unknown}
Potions
 b - 2 potions of heal wounds {unknown}
 f - 2 potions of lignification
 h - a potion of brilliance {unknown}
 i - a potion of haste {unknown}
Comestibles
 c - 7 rations


   Skills:
 - Level 2.4 Dodging
 - Level 2.4 Stealth
 + Level 4.4 Spellcasting
 * Level 3.0 Conjurations
 + Level 4.4 Fire Magic


You had 3 spell levels left.
You knew the following spells:

 Your Spells              Type           Power        Failure   Level  Hunger
a - Flame Tongue          Conj/Fire      ###..        2%          1    None
b - Conjure Flame         Conj/Fire      ###.....     8%          3    ##.....
c - Sticky Flame          Conj/Fire      ###.....     24%         4    ####...

Your spell library contained the following spells:

 Spells                   Type           Power        Failure   Level  Hunger
 Throw Flame              Conj/Fire      ###...       3%          2    #......
 Inner Flame              Hex/Fire       ##......     14%         3    ##.....
 Fireball                 Conj/Fire      ###.......   56%         5    ######.


Dungeon Overview and Level Annotations

Branches:
Dungeon (3/15)

Altars:
Sif Muna


Message History

* * * LOW HITPOINT WARNING * * *
Casting: Flame Tongue (safe; 2% risk of failure)
Confirm with . or Enter, or press ? or * to list all spells.
Aiming: Flame Tongue (safe; 2% risk of failure)
Press: ? - help, Shift-Dir - straight line, f - orc wizard
Aim: an orc wizard, wielding a dagger and wearing a robe (fast)
Okay, then.
Casting: Flame Tongue (safe; 2% risk of failure)
Confirm with . or Enter, or press ? or * to list all spells.
Aiming: Sticky Flame (slightly dangerous; 24% risk of failure)
Press: ? - help, Shift-Dir - straight line, f - orc wizard
Aim: an orc wizard, wielding a dagger and wearing a robe (fast)
The sticky flame hits the orc wizard.
The orc wizard is moderately wounded.
The orc wizard is covered in liquid flames!
The orc wizard burns!
The orc wizard barely misses you.
The orc wizard burns!
The orc wizard casts a spell at you. The puff of frost hits you!
You die...

.#..............o
...
........w...###...
.. #..............
## #
#.....o....#..#
######.#####...
#.# #. #o####
#.o#8###8###
#..o@.......
#...............
#...............
#......#8###8##.
#......### #
#....... ########


You could see 2 orc wizards and an orc.

Vanquished Creatures
  Robin (D:2)
  An adder (D:2)
  2 worms (D:2)
  2 dart slugs (D:1)
  A leopard gecko (D:1)
  An orc (D:3)
  10 giant cockroaches
  17 goblins
  9 hobgoblins
  4 jackals (D:1)
  9 kobolds
  6 bats
  4 frilled lizards
  9 rats
76 creatures vanquished.

Notes
Turn   | Place    | Note
-------+----------+-------------------------------------------
     0 | D:1      | Lauz the Deep Elf Fire Elementalist began the quest for the Orb.
     0 | D:1      | Reached XP level 1. HP: 10/10 MP: 6/6
   150 | D:1      | Reached XP level 2. HP: 14/15 MP: 0/8
   538 | D:1      | You fall through a shaft!
   581 | D:2      | Reached XP level 3. HP: 19/19 MP: 5/10
   586 | D:2      | Learned a level 3 spell: Conjure Flame
  1508 | D:2      | Reached XP level 4. HP: 23/24 MP: 8/12
  1515 | D:2      | Learned a level 4 spell: Sticky Flame
  1533 | D:2      | Noticed Robin
  1922 | D:2      | Found a deep blue altar of Sif Muna.
  1942 | D:2      | Killed Robin
  2019 | D:2      | Became a worshipper of Sif Muna the Loreminder
  2458 | D:3      | Killed from afar by an orc wizard

Skill      XL: |  1  2  3  4 |
---------------+-------------+-----
Conjurations   | 2 3 |  3.0
Fire Magic     | 4 |  4.4
Spellcasting   | 4 |  4.4
Dodging        | |  2.4
Stealth        | |  2.4

Action                   |  1- 3 |  4- 6 || total
-------------------------+-------+-------++-------
Melee: Unarmed           |    11 |       ||    11
 Cast: Flame Tongue      |    99 |    47 ||   146
       Conjure Flame     |     3 |     2 ||     5
       Sticky Flame      |       |     5 ||     5
  Use: Scroll            |     4 |       ||     4
  Eat: Chunk             |     2 |     4 ||     6
Armor: Robe              |     8 |     5 ||    13
Dodge: Dodged            |    51 |    21 ||    72
